 Dungeon Crawl Stone Soup version 0.31-a0-844-gdc52ec4e09 (webtiles) character file.

Game seed: 8069408509603592106

165 Nedwor the Slasher (level 5, 0/41 HPs)
             Began as a Merfolk Gladiator on Sept 28, 2023.
             Slain by a goblin
             ... wielding a +0 dagger
             ... led by Robin
              (1 damage)
             ... on level 3 of the Dungeon.
             The game lasted 00:02:16 (2353 turns).

Nedwor the Slasher (Merfolk Gladiator)              Turns: 2353, Time: 00:02:17

Health: 0/41       AC:  5    Str: 15    XL:     5   Next: 46%
Magic:  5/5        EV: 14    Int:  7    God:
Gold:   197        SH:  0    Dex: 17    Spells: 4/4 levels left

rFire   . . .        a - +0 long sword
rCold   . . .        (no shield)
rNeg    . . .        b - +0 leather armour
rPois   .            c - +1 helmet
rElec   .            (no cloak)
rCorr   .            (no gloves)
SInv    .            (no boots)
Will    .....        (no amulet)
Stlth   +            (no ring)
HPRegen 0.26/turn    (no ring)
MPRegen 0.09/turn

%: no passive effects
@: no status effects
A: (nimble swimmer 2), mertail
a: no special abilities


You were on level 3 of the Dungeon.
You visited 1 branch of the dungeon, and saw 3 of its levels.

You collected 197 gold pieces.

Inventory:

Hand Weapons
 a - a +0 long sword (weapon)
Missiles
 d - 3 throwing nets (quivered)
 e - a javelin
Armour
 b - a +0 leather armour (worn)
 c - a +1 helmet (worn)
 i - a +2 chain mail of cold resistance
Jewellery
 g - an amulet of the acrobat
 j - an amulet of faith
 r - a ring of ice
Scrolls
 f - a scroll of teleportation {unknown}
 l - a scroll of enchant armour
 m - a scroll of blinking {unknown}
 n - a scroll of identify
 o - a scroll of vulnerability {unknown}
 p - a scroll of immolation {unknown}
Potions
 h - a potion of mutation
 k - a potion of cancellation {unknown}
 q - a potion of curing {unknown}


   Skills:
 + Level 3.4 Fighting
 * Level 5.7 Long Blades
 - Level 2.0 Throwing
 + Level 5.3 Dodging


You had 4 spell levels left.
You didn't know any spells.
Your spell library contained the following spells:

 Spells                   Type           Power      Damage    Failure   Level
 Dazzling Flash           Conj/Hex       0%         N/A       86%         3
 Agony                    Necr           0%         N/A       100%        5
 Silence                  Hex/Air        0%         N/A       100%        5


Dungeon Overview and Level Annotations

Branches:
Dungeon (3/15)

Altars:


Innate Abilities, Weirdness & Mutations

((You are very nimble when in or above water. (Stealth+, EV+, Speed+++)))
Your lower body shifts to a powerful aquatic tail in water.


Message History

The goblin misses you.
You completely miss the goblin.
The goblin is severely wounded.
The goblin no longer looks unusually strong. x2
The goblin completely misses you. The goblin closely misses you. x2
You hit the goblin.
You kill the goblin!
The goblin hits you with a +0 club.
* * * LOW HITPOINT WARNING * * *
The goblin barely misses you.
You hit the goblin.
You kill the goblin!
The goblin barely misses you. x2
You barely miss the goblin. The goblin closely misses you.
The goblin barely misses you. The goblin hits you but does no damage.
You closely miss the goblin. The goblin hits you but does no damage.
The goblin closely misses you. The goblin hits you but does no damage.
You barely miss the goblin.
The hobgoblin no longer looks unusually strong.
The goblin completely misses you. The goblin barely misses you.
The goblin hits you but does no damage.
You barely miss the goblin. The goblin closely misses you.
The goblin hits you with a +0 club.
* * * LOW HITPOINT WARNING * * *
The goblin closely misses you. x2; The goblin misses you.
The goblin barely misses you.
Unknown command.
You barely miss the goblin.
The goblin no longer looks unusually strong. x2
The goblin closely misses you. The goblin barely misses you.
The goblin hits you with a +0 club.
* * * LOW HITPOINT WARNING * * *
You closely miss the goblin. The goblin hits you with a +0 dagger.
* * * LOW HITPOINT WARNING * * *
The goblin hits you but does no damage. x2
As you read the scroll labelled EMNAEVATUFI, it crumbles to dust.
It is a scroll of identify.
h - a potion of mutation The goblin hits you with a +0 dagger.
You die...

# #...# ##### #. #...#
#### #.###### #(..# #...
#......####...######.).
##.#...............##...
......$g..))...†........
.g.g..ggg.)..(.†...##...
##.#.##g####...######.##
# #@# #...# ###.
#....ggg# ....... ##...
#.##.#####.#...#.# #..#.
.. #.##.##.# #.)#. #.# .
..# # #.... . #. ###
#.##. #.### #.##. #.##.


You could see a hobgoblin and 7 goblins.

Vanquished Creatures
  Terence (D:2)
  Natasha (D:3)
  An orc wizard (D:3)
  Robin (D:3)
  An adder (D:3)
  2 worms (D:3)
  3 dart slugs
  2 orcs (D:3)
  4 endoplasms (D:1)
  3 giant cockroaches
  9 goblins
  4 hobgoblins
  2 kobolds (D:1)
  2 quokkas
  5 ball pythons
  3 bats (D:1)
  8 frilled lizards
  7 rats
59 creatures vanquished.

Notes
Turn   | Place    | Note
-------+----------+-------------------------------------------
     0 | D:1      | Nedwor the Merfolk Gladiator began the quest for the Orb.
     0 | D:1      | Reached XP level 1. HP: 16/16 MP: 1/1
   121 | D:1      | Reached XP level 2. HP: 20/23 MP: 2/2
   451 | D:1      | Reached XP level 3. HP: 22/28 MP: 3/3
  1340 | D:2      | Noticed Terence
  1352 | D:2      | Killed Terence
  1353 | D:2      | Reached skill level 5 in Long Blades
  1353 | D:2      | Reached XP level 4. HP: 13/35 MP: 4/4
  1747 | D:3      | Noticed Natasha
  1754 | D:3      | Killed Natasha
  1864 | D:3      | Reached skill level 5 in Dodging
  2199 | D:3      | Reached XP level 5. HP: 36/41 MP: 5/5
  2323 | D:3      | Noticed Robin
  2339 | D:3      | Killed Robin
  2351 | D:3      | HP: 2/41 [goblin/+0 club[Robin] (1)]
  2353 | D:3      | Slain by a goblin

Illustrated notes

Levels and vault maps discovered:
D:1:      elethiomel_arrival_fortress_basement, layout_basic
D:2:      layout_loops_corners, uniq_terence
D:3:      layout_loops_cross, minmay_misc_feat_alley, corexii_shack, uniq_robin,
          uniq_ijyb, uniq_natasha

Skill      XL: |  1  2  3  4 |
---------------+-------------+-----
Long Blades    | 4 5 |  5.7
Fighting       | 3 |  3.4
Dodging        | 5 |  5.3
Throwing       | |  2.0

Action                     |  1- 3 |  4- 6 || total
---------------------------+-------+-------++-------
  Melee: Long sword        |   108 |    77 ||   185
         Punch             |       |     1 ||     1
    Use: Scroll            |       |     2 ||     2
   Stab: Sleeping          |     2 |     1 ||     3
 Armour: Leather armour    |    44 |    66 ||   110
         Chain mail        |    40 |       ||    40
  Dodge: Dodged            |    90 |    78 ||   168

Table legend: (Time is in decaauts)
 A = Elapsed time spent in this place.
 B = Non-inter-level travel time spent in this place.
 C = Inter-level travel time spent in this place.
 D = Time resting spent in this place.
 E = Time spent auto-exploring this place.
 F = Levels seen in this place.
 G = Mean time per level.
                   A        B        C        D        E       F      G
               +--------+--------+--------+--------+--------+-----+--------+
         Total |   2383 |   2338 |     45 |      0 |   1923 |   3 |  794.3 |
       Dungeon |   2383 |   2338 |     45 |      0 |   1923 |   3 |  794.3 |
               +--------+--------+--------+--------+--------+-----+--------+

Top non-repeatable levels by time:
     D:2: 933 daAuts
     D:1: 829 daAuts
     D:3: 619 daAuts
